 Dungeon Crawl Stone Soup version 0.29-a0-468-ge57f7f99b4 (webtiles) character file.

Game seed: 8293859398236897159

143 dabmancer the Magician (level 5, -3/24 HPs)
             Began as a Spriggan Hedge Wizard on May 22, 2022.
             Slain by Sigmund
             ... wielding a +1 scythe of protection
              (12 damage)
             ... on level 2 of the Dungeon.
             The game lasted 00:24:40 (4341 turns).

dabmancer the Magician (Spriggan Hedge Wizard)      Turns: 4341, Time: 00:24:40

Health: -3/24      AC:  2    Str:  6    XL:     5   Next: 4%
Magic:  10/14      EV: 18    Int: 17    God:
Gold:   198        SH:  0    Dex: 15    Spells: 9/15 levels left

rFire   . . .      SeeInvis +   g - +1 short sword (holy)
rCold   . . .      Faith    .   (no shield)
rNeg    . . .      Spirit   .   b - +0 robe
rPois   .          Reflect  .   c - +0 hat
rElec   .          Harm     .   (no cloak)
rCorr   .          Rampage  .   (gloves unavailable)
Will    .....                   (boots unavailable)
Stlth   ++........              (no amulet)
HPRegen 0.08/turn               (no ring)
MPRegen 0.14/turn               (no ring)

@: very slightly contaminated, very quick
A: very small, no large weapons, unfitting armour, see invisible, speed 3
a: no special abilities


You were on level 2 of the Dungeon.
You visited 1 branch of the dungeon, and saw 2 of its levels.

You collected 198 gold pieces.

Inventory:

Hand Weapons
 a - a +0 dagger
 g - a +1 short sword of holy wrath (weapon)
 o - a +1 dagger of holy wrath
Missiles
 p - 27 stones
Armour
 b - a +0 robe (worn)
 c - a +0 hat (worn)
 i - a +0 plate armour
 m - a +0 ring mail of cold resistance
Scrolls
 e - a scroll of amnesia {unknown}
 h - 2 scrolls of identify {unknown}
 j - 2 scrolls of teleportation
 r - a scroll of noise {unknown}
Potions
 f - a potion of heal wounds {unknown}
 k - a potion of mutation {unknown}
 n - a potion of lignification {unknown}
 q - a potion of degeneration {unknown}
 s - a potion of might {unknown}
 t - a potion of brilliance {unknown}


   Skills:
 - Level 0.1 Fighting
 + Level 3.4 Dodging
 + Level 3.2 Stealth
 + Level 5.8 Spellcasting
 + Level 2.0 Conjurations
 + Level 1.0 Summonings
 + Level 1.5 Translocations


You had 9 spell levels left.
You knew the following spells:

 Your Spells              Type           Power      Damage    Failure   Level
a - Magic Dart            Conj           44%        1d5       6%          1
b - Blink                 Tloc           20%        N/A       11%         2
c - Call Imp              Summ           8%         N/A       13%         2
d - Summon Small Mammal   Summ           32%        N/A       9%          1

Your spell library contained the following spells:

 Spells                   Type           Power      Damage    Failure   Level
 Slow                     Hex            16%        N/A       13%         1
 Conjure Flame            Conj/Fire      8%         6-21      26%         3
 Mephitic Cloud           Conj/Pois/Air  7%         N/A       30%         3
 Summon Guardian Golem    Hex/Summ       6%         N/A       32%         3
 Orb of Destruction       Conj           5%         9d5       100%        7
 Spellforged Servitor     Conj/Summ      5%         N/A       100%        7


Dungeon Overview and Level Annotations

Branches:
Dungeon (2/15)

Altars:

Annotations:
D:2 Sigmund


Innate Abilities, Weirdness & Mutations

You are very small and have problems with some larger weapons.
You are too small for most types of armour.
You have supernaturally acute eyesight. (SInv)
You cover ground extremely quickly. (Speed+++)


Message History

The magic dart hits you.
Your rat closely misses Sigmund. x2
Magic courses through your body.
Sigmund laughs darkly.
Sigmund completely misses you.
Your rat misses Sigmund.
Your rat bites Sigmund but does no damage.
Casting: Summon Small Mammal (safe; 9% risk of failure)
Confirm with . or Enter, or press ? or * to list all spells.
A beastly little devil appears in a puff of flame.
Your crimson imp says, "I'm here!"
Your rat barely misses Sigmund. x2
Sigmund casts a spell at your rat. The puff of flame hits your rat!
Your rat dies!
Your rat's corpse disappears in a puff of smoke!
Casting: Call Imp (safe; 13% risk of failure)
Confirm with . or Enter, or press ? or * to list all spells.
You miscast Summon Small Mammal.
You are very lightly contaminated with residual magic.
Nothing appears to happen.
Sigmund shouts!
Your rat barely misses Sigmund.
Sigmund says, "I'm your fate." Sigmund closely misses you.
Casting: Summon Small Mammal (safe; 9% risk of failure)
Confirm with . or Enter, or press ? or * to list all spells.
Your rat misses Sigmund.
Your crimson imp hits Sigmund.
Okay, then.
Aiming: Magic Dart (safe; 6% risk of failure)
Press: ? - help, Q - select action, (/) - cycle Shift-Dir - straight line, f - Sigmund
Aim: Sigmund, wielding a +1 scythe of protection and wearing a +0 robe (severely wounded, ally target, 100% to hit)
The magic dart hits Sigmund but does no damage.
Sigmund is severely wounded.
Sigmund gestures wildly while chanting.
Sigmund flickers and vanishes for a moment.
You swap places.
Sigmund casts a spell at you.
Your rat resists with significant effort.
Sigmund hits you from afar with a +1 scythe of protection!
Ouch! That really hurt!
You die...

### #.# ####### #.# #.....#
#.# #.....# #.# ######
#.....# ####### #.# #.....
#.....# ##.....###.# #.....
#.....###..@rr..##.# #.....
#...........5...<#.# #.....
#.....##.)...@.....#######..
##.#####......(........##..#
#.# #..........####..#...
#.# #..........###......#
#.# ##...().....##.###...
#.# #..>....((#..#.# #.##
#.# #...(.......(#.# #.#


You could see Sigmund (invisible), a friendly crimson imp (summoned) and 2
friendly rats.

Vanquished Creatures
  2 adders (D:2)
  2 worms
  6 dart slugs
  3 ball pythons (D:1)
  8 endoplasms
  2 giant cockroaches
  5 goblins
  7 hobgoblins
  3 quokkas (D:1)
  6 bats
  3 frilled lizards
  3 kobolds (D:1)
  3 rats
53 creatures vanquished.

Vanquished Creatures (collateral kills)
  Natasha (twice) (D:2)
2 creatures vanquished.

Vanquished Creatures (others)
  2 fungi (D:1)
  A plant (D:1)
3 creatures vanquished.

Grand Total: 58 creatures vanquished

Notes
Turn   | Place    | Note
-------+----------+-------------------------------------------
     0 | D:1      | dabmancer the Spriggan Hedge Wizard began the quest for the
                  | Orb.
     0 | D:1      | Reached XP level 1. HP: 9/9 MP: 6/6
   286 | D:1      | Reached XP level 2. HP: 2/13 MP: 1/8
   835 | D:1      | Reached skill level 1 in Conjurations
  1387 | D:1      | Found a faded altar of an unknown god.
  1391 | D:1      | Got Plato's Catalogue of the Entourage
  1419 | D:1      | Reached XP level 3. HP: 16/16 MP: 8/10
  1984 | D:2      | Reached skill level 5 in Spellcasting
  2498 | D:2      | Noticed Sigmund
  2904 | D:2      | Reached XP level 4. HP: 14/21 MP: 1/12
  3532 | D:2      | Noticed Natasha
  3540 | D:2      | Learned a level 2 spell: Blink
  3543 | D:2      | Learned a level 2 spell: Call Imp
  3545 | D:2      | Learned a level 1 spell: Summon Small Mammal
  3654 | D:2      | Killed Natasha
  4113 | D:2      | Noticed Natasha
  4119 | D:2      | Killed Natasha
  4120 | D:2      | Reached skill level 1 in Summonings
  4120 | D:2      | Reached XP level 5. HP: 20/24 MP: 9/14
  4341 | D:2      | Slain by Sigmund

Illustrated notes

Levels and vault maps discovered:
D:1:      lightli_arrival_statue_moat, layout_basic,
          shapermc_ecumenical_altar_rom_forum
D:2:      kennysheep_six_static_rooms, layout_rooms, uniq_sigmund, uniq_natasha

Skill      XL: |  1  2  3  4 |
---------------+-------------+-----
Conjurations   | 1 2 |  2.0
Dodging        | 3 |  3.4
Spellcasting   | 5 |  5.8
Summonings     | 1 |  1.0
Fighting       | |  0.1
Stealth        | |  3.2
Translocations | |  1.5

Action                   |  1- 3 |  4- 6 || total
-------------------------+-------+-------++-------
Melee: Dagger            |     8 |       ||     8
       Short sword       |     7 |     4 ||    11
Throw: Stone             |       |    28 ||    28
 Cast: Magic Dart        |   130 |    73 ||   203
       Summon Small Mamm |       |    20 ||    20
       Call Imp          |       |     7 ||     7
  Use: Potion            |       |     3 ||     3
       Scroll            |       |     1 ||     1
Armor: Robe              |     3 |     2 ||     5
Dodge: Dodged            |    23 |    24 ||    47

Table legend: (Time is in decaauts)
 A = Elapsed time spent in this place.
 B = Non-inter-level travel time spent in this place.
 C = Inter-level travel time spent in this place.
 D = Time resting spent in this place.
 E = Time spent auto-exploring this place.
 F = Levels seen in this place.
 G = Mean time per level.
                   A        B        C        D        E       F      G
               +--------+--------+--------+--------+--------+-----+--------+
         Total |   3599 |   3544 |     55 |   1263 |   1477 |   2 | 1799.5 |
       Dungeon |   3599 |   3544 |     55 |   1263 |   1477 |   2 | 1799.5 |
               +--------+--------+--------+--------+--------+-----+--------+

Top non-repeatable levels by time:
     D:2: 1820 daAuts
     D:1: 1779 daAuts
